 Dungeon Crawl Stone Soup version 0.19-a0-994-g3c636f0 (webtiles) character file.

309 Eniamerus the Chopper (level 6, -5/53 HPs)
             Began as a Minotaur Fighter on July 15, 2016.
             Slain by an ogre
             ... wielding a +0 giant club
              (23 damage)
             ... on level 4 of the Dungeon.
             The game lasted 00:08:38 (3029 turns).

Eniamerus the Chopper (Minotaur Fighter)            Turns: 3029, Time: 00:08:39

Health: -5/53      AC:  9    Str: 22    XL:     6   Next: 17%
Magic:  6/6        EV:  6    Int:  5    God:
Gold:   223        SH: 10    Dex: 10    Spells: 0 memorised, 7 levels left

rFire  . . .     SeeInvis .     a - +1 war axe
rCold  . . .     Gourm    .     k - +0 chain mail
rNeg   . . .     Faith    .     c - +0 shield
rPois  .         Spirit   .     (helmet restricted)
rElec  .         Dismiss  .     (no cloak)
rCorr  .         Reflect  .     (no gloves)
SustAt .         Harm     .     (no boots)
MR     .....                    p - amulet of regeneration
Stlth  ..........               (no ring)
                                h - ring of flight

@: not resistant to hostile enchantments, extremely unstealthy
A: retaliatory headbutt, horns 2
a: Evoke Flight


You were on level 4 of the Dungeon.
You were not hungry.

You visited 1 branch of the dungeon, and saw 4 of its levels.

You collected 223 gold pieces.

Inventory:

Hand Weapons
 a - a +1 war axe (weapon)
Armour
 b - a +0 scale mail
 c - a +0 shield (worn)
 k - a +0 chain mail (worn)
Jewellery
 h - a ring of flight (left hand)
 p - an amulet of regeneration (around neck)
Wands
 o - a wand of hasting (2/9)
 x - a wand of paralysis (11/24)
 y - a wand of digging (8/24)
Scrolls
 m - a scroll of teleportation
 n - a scroll of enchant weapon
 v - a scroll of remove curse
Potions
 d - a potion of might
 e - a potion of agility {unknown}
 g - 2 potions of lignification {unknown}
 i - a potion of cancellation {unknown}
 l - a potion of brilliance {unknown}
 q - 2 potions of curing {unknown}
 r - a potion of haste {unknown}
 u - a potion of mutation {unknown}
Books
 t - a book of Beasts

   Spells                             Type                      Level
   a - Summon Butterflies             Summoning                    1
   b - Call Canine Familiar           Summoning                    3
   c - Summon Ice Beast               Ice/Summoning                4
   d - Summon Mana Viper              Hexes/Summoning              5
   e - Summon Hydra                   Summoning                    7
Comestibles
 f - 4 bread rations
 j - a meat ration
 s - 4 fruits
 w - 7 chunks of flesh


   Skills:
 + Level 4.3 Fighting
 * Level 4.9 Axes
 + Level 4.4 Armour
 + Level 2.0 Dodging
 + Level 4.7 Shields
 + Level 1.3 Spellcasting


You had 7 spell levels left.
You didn't know any spells.

Dungeon Overview and Level Annotations

Branches:
Dungeon (4/15)
 Temple: D:4-7

Altars:
Dithmenos
Ru

Shops:
D:4 =


Innate Abilities, Weirdness & Mutations

You reflexively headbutt those who attack you in melee.
You have a pair of horns on your head.


Message History

The ogre shouts!
Found a metallic grey potion.
Found an escape hatch in the floor.
The ogre hits you with a giant club!
You hit the ogre. Your headbutt misses the ogre.
The ogre is lightly wounded.
The ogre hits you with a giant club!!
Your chain mail prevents you from hitting the ogre.
The ogre is lightly wounded.
The ogre hits you with a giant club!
Your chain mail prevents you from hitting the ogre.
The ogre is lightly wounded.
You block the ogre's attack.
You hit the ogre.
The ogre is lightly wounded.
The ogre hits you with a giant club.
You slash the ogre!
The ogre is heavily wounded.
The ogre hits you with a giant club!!
You die...

# ########.# ##
###........# #.###
###.........#
.....######.....@....##
#...........#####O......
#........### .......
#......### .....##
##......# .!.###
#.).....## ...#
#........# >..#
.........## ....
..........##


You could see an ogre.

Vanquished Creatures
  The ghost of SorcV the Sneak, an amateur KoWr (D:3)
  A howler monkey (D:4)
  An orc priest (D:4)
  A worker ant (D:4)
  6 adders
  2 worms
  A dart slug (D:1)
  3 giant geckos
  8 orcs (D:4)
  A ball python (D:4)
  12 bats
  A giant cockroach (D:2)
  9 goblins
  6 hobgoblins
  3 jackals (D:3)
  A quokka (D:3)
  A ball python skeleton (D:4)
  6 giant newts
  7 kobolds
  A quokka skeleton (D:4)
  12 rats
84 creatures vanquished.

Notes
Turn   | Place    | Note
-------+----------+-------------------------------------------
     0 | D:1      | Eniamerus the Minotaur Fighter began the quest for the Orb.
     0 | D:1      | Reached XP level 1. HP: 19/19 MP: 0/0
   239 | D:1      | Reached XP level 2. HP: 25/27 MP: 1/1
  1028 | D:2      | Reached XP level 3. HP: 33/33 MP: 2/2
  1036 | D:2      | Found a shadowy altar of Dithmenos.
  1110 | D:2      | Found a sacrificial altar of Ru.
  1738 | D:3      | Reached XP level 4. HP: 40/40 MP: 3/3
  1877 | D:3      | Noticed SorcV's ghost (amateur KoWr)
  1890 | D:3      | Killed SorcV's ghost
  1890 | D:3      | Reached skill level 1 in Dodging
  1890 | D:3      | Reached skill level 1 in Spellcasting
  1890 | D:3      | Reached XP level 5. HP: 29/46 MP: 5/5
  2622 | D:4      | Found Fibry's Jewellery Shop.
  2737 | D:4      | Reached XP level 6. HP: 52/52 MP: 6/6
  3029 | D:4      | Slain by an ogre

Vault maps used:
D:1:      minmay_arrival_glassed_features, glass_columns_a
D:2:      grunt_dithmenos_smoke, lemuel_coloured_pillars_altar, first_bread
D:3:      st_stairs_13, kennysheep_generic_room_9
D:4:      serial_shops, nicolae_shop_temple_entry_statues_fountains,
          shop_fountains, shop, shop, shop

Skill      XL: |  1  2  3  4  5  6 |
---------------+-------------------+-----
Axes           | 3 4 |  4.9
Shields        | 4 |  4.7
Fighting       | 4 |  4.3
Armour         | 4 |  4.4
Dodging        | 1 2 |  2.0
Spellcasting   | 1 |  1.3

Action                   |  1- 3 |  4- 6 || total
-------------------------+-------+-------++-------
Melee: War axe           |   131 |   109 ||   240
       Headbutt          |    13 |    15 ||    28
  Use: Scroll            |     6 |     2 ||     8
  Eat: Chunk             |     3 |     4 ||     7
Armor: Scale mail        |    30 |       ||    30
       Chain mail        |    56 |    39 ||    95
Dodge: Dodged            |    36 |    30 ||    66
Block: Shield            |    86 |    42 ||   128
